[ AOE2 MATCH · #464627261 ]
UnrankedJapanese vs Vietnamese
[ REPLAY ANALYSIS · EXTRACTED FROM THE RECORDED GAME ]
Feudal
11:22
Castle
14:53
Imperial
31:41
| APM avg | 39.5 |
| APM peak | 74 |
| eAPM avg | 22.9 |
| Villagers / military | 200 / 156 |
Focus
⚔️ 30.5% · 🌾 69.5%
Cavalry Archer ×71 · Spearman ×66 · Samurai ×6 · Scout Cavalry ×5 · Trebuchet (Packed) ×5 · Monk ×1
Feudal
11:24
Castle
15:11
Imperial
46:38
| APM avg | 24.6 |
| APM peak | 74 |
| eAPM avg | 16.4 |
| Villagers / military | 162 / 70 |
Focus
⚔️ 17.7% · 🌾 82.3%
Skirmisher ×39 · Rattan Archer ×29 · Petard ×2
Feudal
11:21
Castle
14:52
Imperial
27:43
| APM avg | 61.5 |
| APM peak | 98 |
| eAPM avg | 30.5 |
| Villagers / military | 160 / 260 |
Focus
⚔️ 51.7% · 🌾 48.3%
Knight ×244 · Monk ×4 · Trebuchet (Packed) ×4 · Scorpion ×3 · Scout Cavalry ×3 · Petard ×2
Feudal
10:15
Castle
14:26
Imperial
31:07
| APM avg | 26.9 |
| APM peak | 59 |
| eAPM avg | 22.3 |
| Villagers / military | 165 / 378 |
Focus
⚔️ 44.7% · 🌾 55.3%
Archer ×156 · Scout Cavalry ×90 · Spearman ×46 · Knight ×41 · Camel Scout ×41 · Trebuchet (Packed) ×3
Feudal
11:05
Castle
14:52
Imperial
28:14
| APM avg | 45.6 |
| APM peak | 112 |
| eAPM avg | 35.3 |
| Villagers / military | 171 / 353 |
Focus
⚔️ 55.1% · 🌾 44.9%
Spearman ×163 · Scout Cavalry ×116 · Battle Elephant ×60 · Trebuchet (Packed) ×5 · Battering Ram ×5 · Monk ×4
Feudal
11:25
Castle
14:56
Imperial
27:01
| APM avg | 37.8 |
| APM peak | 95 |
| eAPM avg | 26.7 |
| Villagers / military | 166 / 267 |
Focus
⚔️ 45.6% · 🌾 54.4%
Bolas Rider ×258 · Trebuchet (Packed) ×4 · Skirmisher ×2 · Petard ×2 · Battering Ram ×1
Feudal
10:35
Castle
14:30
Imperial
26:23
| APM avg | 20.9 |
| APM peak | 60 |
| eAPM avg | 14.0 |
| Villagers / military | 94 / 162 |
Focus
⚔️ 40.4% · 🌾 59.6%
Genoese Crossbowman ×157 · Trebuchet (Packed) ×4 · Mangonel ×1
Feudal
11:21
Castle
14:58
Imperial
30:19
| APM avg | 42.2 |
| APM peak | 103 |
| eAPM avg | 29.8 |
| Villagers / military | 201 / 438 |
Focus
⚔️ 46.1% · 🌾 53.9%
Scout Cavalry ×194 · Cavalry Archer ×113 · Camel Scout ×110 · Monk ×8 · Knight ×7 · Bombard Cannon ×6
Match map
Initial resources + every placement click. Lines = walls · curves = elevation contours. ◆ gold · ⬟ stone · ● berries · ✦ relic · ◌ wall gap
Your base· ✓ Closed at 14:53 · 0t walls · 2 gate(s)
ÖnderK's base· ✓ Closed at 15:11 · 0t walls · 2 gate(s)
Czech Norris (RIP)'s base· ✓ Closed at 14:52 · 0t walls · 2 gate(s)
WhoCanStopTheRain?'s base· ✓ Closed at 14:26 · 0t walls · 3 gate(s)
MacBookUser's base· ✓ Closed at 14:52 · 18t walls · 2 gate(s)
sfcwallace's base· ✓ Closed at 14:56 · 0t walls · 3 gate(s)
MoistBootyHole's base· ✓ Closed at 14:30 · 0t walls · 3 gate(s)
Erickaan's base· ✓ Closed at 14:58 · 0t walls · 3 gate(s)
Smoothed initial terrain · ◌ = detected wall gap · hover for details
Inputs per minute
— Jony - - ÖnderK
Build order — Jony
First 150 of 471 actions detected
| 0:01 | Create | Villager (Male) |
| 0:01 | Create | Villager (Male) |
| 0:02 | Build | House |
| 0:03 | Build | House |
| 0:05 | Create | Villager (Male) |
| 0:05 | Create | Villager (Male) |
| 1:27 | Create | Villager (Male) |
| 1:44 | Build | Lumber Camp |
| 2:04 | Create | Villager (Male) |
| 2:15 | Create | Villager (Male) |
| 2:46 | Create | Villager (Male) |
| 3:02 | Create | Villager (Male) |
| 3:30 | Build | Mill |
| 3:39 | Create | Villager (Male) |
| 3:42 | Research | Loom |
| 3:57 | Build | House |
| 4:06 | Create | Villager (Male) |
| 4:06 | Create | Villager (Male) |
| 4:37 | Create | Villager (Male) |
| 4:41 | Build | Mill |
| 4:59 | Create | Villager (Male) |
| 5:07 | Create | Villager (Male) |
| 5:15 | Create | Villager (Male) |
| 5:54 | Build | House |
| 6:11 | Create | Villager (Male) |
| 6:19 | Build | Mining Camp |
| 6:26 | Create | Villager (Male) |
| 6:26 | Create | Villager (Male) |
| 6:55 | Create | Villager (Male) |
| 7:10 | Build | Barracks |
| 7:40 | Create | Villager (Male) |
| 7:43 | Create | Villager (Male) |
| 7:43 | Research | Loom |
| 8:08 | Build | Farm |
| 8:11 | Build | Farm |
| 8:19 | Research | Feudal Age |
| 8:53 | Build | Farm |
| 9:41 | Build | House |
| 10:12 | Create | Villager (Male) |
| 10:12 | Create | Villager (Male) |
| 11:13 | Build | Lumber Camp |
| 11:22 | Age | Feudal Age |
| 11:25 | Build | Blacksmith |
| 11:30 | Build | Stable |
| 11:40 | Build | Farm |
| 12:13 | Research | Castle Age |
| 12:27 | Build | Farm |
| 12:30 | Research | Double-Bit Axe |
| 12:30 | Research | Double-Bit Axe |
| 12:46 | Build | Farm |
| 12:58 | Research | Horse Collar |
| 13:14 | Build | House |
| 13:15 | Build | House |
| 13:21 | Build | Farm |
| 13:28 | Build | Farm |
| 13:31 | Create | Villager (Male) |
| 13:42 | Create | Scout Cavalry |
| 13:47 | Create | Scout Cavalry |
| 14:14 | Create | Villager (Male) |
| 14:53 | Age | Castle Age |
| 14:54 | Research | Light Cavalry (upgrade) |
| 14:57 | Build | Monastery |
| 15:02 | Build | Town Center |
| 15:09 | Build | Farm |
| 15:39 | Create | Monk |
| 15:43 | Create | Villager (Male) |
| 15:45 | Research | Bow Saw |
| 15:48 | Build | House |
| 15:51 | Build | House |
| 15:58 | Create | Scout Cavalry |
| 16:08 | Build | Farm |
| 16:23 | Create | Villager (Male) |
| 16:24 | Create | Villager (Male) |
| 16:29 | Build | Farm |
| 16:32 | Build | Farm |
| 16:52 | Create | Villager (Male) |
| 16:53 | Create | Villager (Male) |
| 16:56 | Build | Farm |
| 16:56 | Build | Farm |
| 16:56 | Build | Farm |
| 17:09 | Build | Mining Camp |
| 17:32 | Create | Villager (Male) |
| 17:33 | Create | Villager (Male) |
| 17:33 | Create | Villager (Male) |
| 17:42 | Build | Farm |
| 17:46 | Create | Villager (Male) |
| 17:49 | Build | Farm |
| 17:51 | Build | Farm |
| 17:56 | Create | Villager (Male) |
| 18:20 | Build | Farm |
| 18:20 | Build | Farm |
| 18:20 | Build | Farm |
| 18:22 | Create | Villager (Male) |
| 18:22 | Create | Villager (Male) |
| 18:30 | Build | House |
| 18:32 | Build | House |
| 18:32 | Build | House |
| 18:33 | Build | House |
| 18:59 | Create | Villager (Male) |
| 19:01 | Create | Villager (Male) |
| 19:01 | Create | Villager (Male) |
| 19:15 | Create | Villager (Male) |
| 19:23 | Create | Villager (Male) |
| 19:36 | Create | Villager (Male) |
| 19:46 | Build | Town Center |
| 19:48 | Create | Villager (Male) |
| 19:48 | Create | Villager (Male) |
| 20:06 | Create | Villager (Male) |
| 20:07 | Create | Villager (Male) |
| 20:18 | Create | Villager (Male) |
| 20:24 | Research | Stone Mining |
| 20:31 | Build | Archery Range |
| 20:38 | Create | Villager (Male) |
| 21:09 | Research | Bloodlines |
| 21:09 | Create | Villager (Male) |
| 21:10 | Create | Villager (Male) |
| 21:19 | Build | Farm |
| 21:19 | Build | Farm |
| 21:19 | Build | Farm |
| 21:19 | Build | Farm |
| 21:27 | Build | Archery Range |
| 21:30 | Research | Fletching |
| 21:40 | Create | Villager (Male) |
| 21:40 | Create | Villager (Male) |
| 22:07 | Create | Villager (Male) |
| 22:08 | Create | Villager (Male) |
| 22:08 | Create | Villager (Male) |
| 22:08 | Create | Villager (Male) |
| 22:11 | Build | Farm |
| 22:13 | Create | Villager (Male) |
| 22:18 | Create | Cavalry Archer |
| 22:18 | Create | Cavalry Archer |
| 22:24 | Build | Farm |
| 22:25 | Build | Farm |
| 22:25 | Build | Farm |
| 22:35 | Research | Gold Mining |
| 22:35 | Research | Gold Mining |
| 22:38 | Build | Farm |
| 22:40 | Create | Villager (Male) |
| 22:40 | Create | Villager (Male) |
| 22:44 | Build | Farm |
| 22:53 | Create | Cavalry Archer |
| 22:54 | Create | Cavalry Archer |
| 22:54 | Create | Cavalry Archer |
| 22:54 | Create | Cavalry Archer |
| 23:01 | Build | House |
| 23:06 | Build | Farm |
| 23:07 | Build | House |
| 23:17 | Create | Villager (Male) |
| 23:17 | Create | Villager (Male) |
Build order — ÖnderK
First 150 of 323 actions detected
| 0:02 | Create | Villager (Male) ×4 |
| 0:03 | Create | Villager (Male) ×4 |
| 0:05 | Build | House |
| 0:07 | Build | House |
| 1:25 | Create | Villager (Male) |
| 1:51 | Create | Villager (Male) |
| 2:04 | Build | Lumber Camp |
| 2:25 | Create | Villager (Male) |
| 2:54 | Create | Villager (Male) |
| 3:24 | Create | Villager (Male) |
| 3:39 | Create | Villager (Male) |
| 3:55 | Build | House |
| 4:07 | Create | Villager (Male) ×2 |
| 4:33 | Build | House |
| 4:46 | Build | Mill |
| 5:01 | Create | Villager (Male) ×3 |
| 5:23 | Create | Villager (Male) |
| 6:12 | Create | Villager (Male) |
| 6:12 | Create | Villager (Male) |
| 6:30 | Create | Villager (Male) |
| 6:30 | Create | Villager (Male) |
| 7:18 | Build | House |
| 7:23 | Create | Villager (Male) |
| 7:23 | Create | Villager (Male) |
| 8:06 | Build | Mining Camp |
| 8:33 | Research | Feudal Age |
| 9:00 | Build | Mining Camp |
| 9:52 | Create | Villager (Male) |
| 9:52 | Create | Villager (Male) |
| 11:24 | Age | Feudal Age |
| 11:26 | Build | Market |
| 11:32 | Build | Blacksmith |
| 12:31 | Research | Castle Age |
| 12:42 | Research | Double-Bit Axe |
| 12:47 | Build | Farm |
| 12:50 | Build | Farm |
| 12:53 | Build | Farm |
| 12:58 | Build | Farm |
| 13:24 | Research | Horse Collar |
| 13:31 | Research | Loom |
| 13:58 | Create | Villager (Male) |
| 13:59 | Create | Villager (Male) |
| 14:05 | Build | House |
| 14:43 | Create | Villager (Male) |
| 15:11 | Age | Castle Age |
| 15:31 | Build | Castle |
| 16:00 | Build | Castle |
| 16:33 | Create | Villager (Male) |
| 16:33 | Create | Villager (Male) |
| 16:38 | Build | Farm |
| 16:46 | Build | Castle |
| 16:59 | Build | Farm |
| 17:00 | Create | Villager (Male) |
| 17:01 | Create | Villager (Male) |
| 17:44 | Research | Town Watch |
| 18:15 | Build | Farm |
| 18:23 | Create | Villager (Male) |
| 18:23 | Create | Villager (Male) |
| 18:23 | Create | Villager (Male) |
| 18:34 | Build | Farm |
| 18:57 | Create | Villager (Male) |
| 19:00 | Build | Farm |
| 19:05 | Build | Farm |
| 19:06 | Build | Farm |
| 19:07 | Build | Farm |
| 19:10 | Create | Rattan Archer ×5 |
| 19:10 | Create | Rattan Archer ×5 |
| 19:10 | Create | Rattan Archer |
| 19:24 | Create | Villager (Male) |
| 19:28 | Build | Farm |
| 19:50 | Build | Farm |
| 20:15 | Create | Villager (Male) |
| 20:15 | Create | Villager (Male) |
| 20:27 | Build | Farm |
| 20:32 | Create | Petard ×2 |
| 20:43 | Build | Farm |
| 21:59 | Create | Rattan Archer ×5 |
| 22:04 | Research | Fletching |
| 22:23 | Create | Rattan Archer |
| 22:25 | Create | Villager (Male) |
| 22:25 | Create | Villager (Male) |
| 22:26 | Create | Villager (Male) |
| 22:26 | Create | Villager (Male) |
| 22:28 | Create | Villager (Male) |
| 22:44 | Build | Town Center |
| 22:54 | Research | Bodkin Arrow |
| 22:55 | Create | Villager (Male) |
| 22:55 | Create | Villager (Male) |
| 22:56 | Create | Villager (Male) |
| 22:56 | Create | Villager (Male) |
| 22:59 | Build | Farm |
| 23:22 | Create | Rattan Archer ×2 |
| 23:22 | Create | Rattan Archer ×2 |
| 23:48 | Create | Villager (Male) |
| 23:49 | Create | Villager (Male) |
| 23:49 | Create | Villager (Male) |
| 23:50 | Create | Villager (Male) |
| 24:54 | Create | Villager (Male) |
| 24:54 | Create | Villager (Male) |
| 24:55 | Create | Villager (Male) |
| 24:56 | Create | Villager (Male) |
| 25:07 | Build | Castle |
| 25:52 | Create | Villager (Male) |
| 25:52 | Create | Villager (Male) |
| 25:53 | Create | Villager (Male) |
| 25:53 | Create | Villager (Male) |
| 26:07 | Create | Villager (Male) |
| 26:07 | Create | Villager (Male) |
| 26:08 | Create | Villager (Male) |
| 26:10 | Build | Farm |
| 26:11 | Build | Farm |
| 26:11 | Build | Farm |
| 26:11 | Build | Farm |
| 26:11 | Build | Farm |
| 26:12 | Create | Villager (Male) |
| 26:13 | Create | Villager (Male) |
| 26:22 | Create | Villager (Male) |
| 26:22 | Create | Villager (Male) |
| 26:32 | Create | Villager (Male) |
| 26:32 | Create | Villager (Male) |
| 26:34 | Build | Farm |
| 26:39 | Build | Farm |
| 26:41 | Build | Farm |
| 26:43 | Create | Villager (Male) |
| 27:11 | Create | Villager (Male) |
| 27:11 | Create | Villager (Male) |
| 27:18 | Research | Bow Saw |
| 27:24 | Research | Gold Mining |
| 27:29 | Build | Farm |
| 27:43 | Research | Heavy Plow |
| 27:44 | Create | Villager (Male) |
| 27:44 | Create | Villager (Male) |
| 27:47 | Build | Farm |
| 27:59 | Build | Barracks |
| 28:14 | Build | Farm |
| 28:26 | Create | Villager (Male) |
| 28:26 | Create | Villager (Male) |
| 28:29 | Build | Farm |
| 28:41 | Create | Villager (Male) |
| 28:41 | Create | Villager (Male) |
| 29:17 | Build | Archery Range |
| 29:18 | Build | Archery Range |
| 29:18 | Build | Archery Range |
| 29:18 | Build | Archery Range |
| 29:19 | Build | Archery Range |
| 29:23 | Create | Villager (Male) |
| 29:23 | Create | Villager (Male) |
| 29:27 | Create | Rattan Archer ×4 |
| 29:28 | Create | Rattan Archer ×4 |
| 30:03 | Create | Villager (Male) |
Build order — Czech Norris (RIP)
First 150 of 411 actions detected
| 0:01 | Create | Villager (Male) |
| 0:01 | Create | Villager (Male) |
| 0:02 | Build | House |
| 0:03 | Build | House |
| 0:12 | Create | Villager (Male) |
| 0:13 | Create | Villager (Male) |
| 0:14 | Create | Villager (Male) |
| 1:31 | Create | Villager (Male) |
| 1:31 | Create | Villager (Male) |
| 1:54 | Build | Lumber Camp |
| 1:58 | Create | Villager (Male) |
| 2:13 | Create | Villager (Male) |
| 2:47 | Create | Villager (Male) |
| 3:08 | Create | Villager (Male) |
| 3:39 | Create | Villager (Male) |
| 3:54 | Build | House |
| 3:57 | Build | House |
| 3:59 | Create | Villager (Male) |
| 4:26 | Build | Mill |
| 4:29 | Create | Villager (Male) |
| 4:29 | Create | Villager (Male) |
| 4:49 | Create | Villager (Male) |
| 5:12 | Create | Villager (Male) |
| 5:14 | Build | Farm |
| 5:39 | Create | Villager (Male) |
| 5:49 | Create | Villager (Male) |
| 6:01 | Create | Villager (Male) |
| 6:06 | Create | Villager (Male) |
| 6:07 | Create | Villager (Male) |
| 6:16 | Build | Farm |
| 6:17 | Create | Villager (Male) |
| 6:49 | Build | Mill |
| 6:58 | Create | Villager (Male) |
| 7:03 | Create | Villager (Male) |
| 7:21 | Build | Farm |
| 7:48 | Build | House |
| 8:35 | Create | Villager (Male) |
| 8:35 | Create | Villager (Male) |
| 8:48 | Build | Mining Camp |
| 9:01 | Research | Feudal Age |
| 9:03 | Create | Villager (Male) |
| 9:03 | Create | Villager (Male) |
| 9:31 | Build | Lumber Camp |
| 11:21 | Age | Feudal Age |
| 11:23 | Build | Market |
| 11:42 | Build | Blacksmith |
| 12:10 | Research | Double-Bit Axe |
| 12:12 | Research | Castle Age |
| 12:12 | Research | Castle Age |
| 13:00 | Build | House |
| 13:17 | Build | Farm |
| 13:25 | Create | Villager (Male) |
| 13:39 | Build | Farm |
| 13:40 | Build | Farm |
| 14:52 | Age | Castle Age |
| 14:53 | Build | Town Center |
| 14:56 | Build | Town Center |
| 15:00 | Research | Bow Saw |
| 15:08 | Create | Villager (Male) |
| 15:11 | Create | Villager (Male) |
| 15:26 | Build | Monastery |
| 15:45 | Create | Villager (Male) |
| 15:47 | Create | Villager (Male) |
| 16:00 | Create | Villager (Male) |
| 16:06 | Build | Farm |
| 16:06 | Build | Farm |
| 16:23 | Create | Villager (Male) |
| 16:25 | Create | Villager (Male) |
| 16:26 | Create | Villager (Male) |
| 16:27 | Build | Farm |
| 16:35 | Build | House |
| 16:35 | Create | Monk |
| 16:40 | Build | Farm |
| 16:42 | Build | Farm |
| 16:44 | Create | Villager (Male) |
| 16:50 | Build | Farm |
| 16:53 | Build | Farm |
| 16:56 | Create | Villager (Male) |
| 16:59 | Build | Farm |
| 17:01 | Build | Farm |
| 17:02 | Create | Villager (Male) |
| 17:09 | Create | Villager (Male) ×3 |
| 17:19 | Build | House |
| 17:20 | Create | Villager (Male) |
| 17:24 | Build | Farm |
| 17:25 | Build | Farm |
| 17:31 | Create | Villager (Male) |
| 17:33 | Create | Monk |
| 17:36 | Build | Farm |
| 17:41 | Build | Farm |
| 17:44 | Create | Villager (Male) |
| 17:48 | Build | House |
| 17:57 | Build | Farm |
| 18:02 | Create | Villager (Male) ×2 |
| 18:10 | Build | Farm |
| 18:13 | Build | Farm |
| 18:20 | Create | Villager (Male) ×2 |
| 18:23 | Build | Farm |
| 18:26 | Create | Villager (Male) |
| 18:33 | Create | Villager (Male) |
| 18:36 | Build | House |
| 18:37 | Build | House |
| 18:51 | Build | House |
| 18:53 | Build | House |
| 19:06 | Create | Villager (Male) ×4 |
| 19:15 | Build | Farm |
| 19:17 | Build | Farm |
| 19:20 | Build | Farm |
| 19:21 | Create | Villager (Male) |
| 19:25 | Build | Farm |
| 19:26 | Build | Farm |
| 19:28 | Create | Villager (Male) |
| 19:30 | Create | Villager (Male) |
| 19:36 | Create | Villager (Male) ×2 |
| 19:41 | Build | Farm |
| 19:42 | Build | House |
| 19:43 | Build | House |
| 19:48 | Create | Villager (Male) |
| 20:02 | Create | Villager (Male) |
| 20:05 | Build | Town Center |
| 20:16 | Build | House |
| 20:21 | Research | Wheelbarrow |
| 20:21 | Research | Wheelbarrow |
| 20:21 | Research | Loom |
| 20:40 | Create | Villager (Male) |
| 20:40 | Create | Villager (Male) |
| 20:43 | Build | Farm |
| 20:46 | Build | Farm |
| 20:48 | Build | House |
| 20:49 | Build | House |
| 20:51 | Research | Town Watch |
| 20:57 | Research | Gold Mining |
| 20:58 | Create | Villager (Male) |
| 21:02 | Build | House |
| 21:04 | Build | Barracks |
| 21:07 | Build | Farm |
| 21:07 | Create | Villager (Male) ×2 |
| 21:22 | Build | Farm |
| 21:25 | Research | Stone Mining |
| 21:29 | Build | Farm |
| 21:32 | Create | Villager (Male) |
| 21:34 | Create | Villager (Male) ×2 |
| 21:35 | Create | Villager (Male) |
| 21:41 | Build | Farm |
| 21:43 | Build | Farm |
| 22:18 | Build | House |
| 22:19 | Create | Villager (Male) ×5 |
| 22:20 | Create | Villager (Male) ×3 |
| 22:25 | Build | Mining Camp |
| 22:31 | Build | Stable |
Build order — WhoCanStopTheRain?
First 150 of 659 actions detected
| 0:01 | Create | Villager (Male) |
| 0:02 | Build | House |
| 0:04 | Build | House |
| 0:17 | Create | Villager (Male) |
| 0:21 | Create | Villager (Male) |
| 0:37 | Create | Villager (Male) |
| 0:37 | Create | Villager (Male) |
| 1:22 | Create | Villager (Male) |
| 1:58 | Create | Villager (Male) |
| 2:07 | Build | Lumber Camp |
| 2:11 | Create | Villager (Male) |
| 2:46 | Create | Villager (Male) |
| 2:51 | Build | House |
| 2:54 | Create | Villager (Male) |
| 3:34 | Create | Villager (Male) |
| 3:54 | Create | Villager (Male) |
| 4:37 | Build | Mill |
| 4:38 | Create | Villager (Male) |
| 5:05 | Create | Villager (Male) |
| 5:10 | Create | Villager (Male) |
| 6:02 | Create | Villager (Male) |
| 6:05 | Build | House |
| 6:30 | Create | Villager (Male) |
| 6:36 | Build | Mining Camp |
| 6:42 | Build | Mill |
| 6:54 | Create | Villager (Male) |
| 7:12 | Create | Villager (Male) |
| 7:24 | Create | Villager (Male) |
| 7:36 | Build | Farm |
| 8:11 | Research | Feudal Age |
| 8:22 | Build | Farm |
| 8:58 | Build | House |
| 9:13 | Build | Farm |
| 10:15 | Age | Feudal Age |
| 10:16 | Create | Villager (Male) |
| 10:21 | Build | Market |
| 10:35 | Build | Blacksmith |
| 10:38 | Create | Villager (Male) |
| 11:02 | Create | Villager (Male) |
| 11:06 | Build | Farm |
| 11:26 | Create | Villager (Male) |
| 11:48 | Build | House |
| 12:00 | Research | Castle Age |
| 12:19 | Research | Double-Bit Axe |
| 12:42 | Research | Horse Collar |
| 13:24 | Research | Gold Mining |
| 14:23 | Create | Villager (Male) |
| 14:26 | Age | Castle Age |
| 14:26 | Build | Town Center |
| 14:28 | Create | Villager (Male) |
| 14:30 | Build | Town Center |
| 14:38 | Research | Bow Saw |
| 14:38 | Research | Bow Saw |
| 14:41 | Build | Farm |
| 14:51 | Build | Farm |
| 14:54 | Create | Villager (Male) |
| 15:15 | Create | Villager (Male) |
| 15:19 | Build | Farm |
| 15:35 | Create | Villager (Male) |
| 15:42 | Build | Farm |
| 15:56 | Create | Villager (Male) |
| 16:02 | Build | Farm |
| 16:12 | Create | Villager (Male) |
| 16:24 | Build | Farm |
| 16:24 | Create | Villager (Male) |
| 16:26 | Create | Villager (Male) |
| 16:30 | Create | Villager (Male) |
| 16:33 | Build | House |
| 16:34 | Build | House |
| 16:35 | Build | House |
| 16:36 | Build | House |
| 16:47 | Build | Farm |
| 16:48 | Create | Villager (Male) |
| 16:54 | Build | Barracks |
| 16:55 | Create | Villager (Male) |
| 17:04 | Build | Farm |
| 17:05 | Create | Villager (Male) |
| 17:12 | Build | Farm |
| 17:17 | Build | Farm |
| 17:20 | Create | Villager (Male) |
| 17:25 | Build | Farm |
| 17:29 | Create | Villager (Male) |
| 17:43 | Create | Villager (Male) |
| 17:45 | Build | Farm |
| 17:54 | Create | Villager (Male) |
| 18:01 | Create | Villager (Male) |
| 18:06 | Build | Lumber Camp |
| 18:11 | Create | Villager (Male) |
| 18:13 | Build | Farm |
| 18:20 | Build | Farm |
| 18:23 | Build | House |
| 18:25 | Build | House |
| 18:26 | Create | Villager (Male) |
| 18:27 | Create | Villager (Male) |
| 18:30 | Create | Villager (Male) |
| 18:37 | Build | Farm |
| 18:38 | Create | Villager (Male) |
| 18:46 | Create | Villager (Male) |
| 18:46 | Create | Villager (Male) |
| 18:53 | Build | Farm |
| 18:59 | Create | Villager (Male) |
| 19:05 | Research | Wheelbarrow |
| 19:05 | Research | Wheelbarrow |
| 19:14 | Create | Villager (Male) |
| 19:22 | Research | Heavy Plow |
| 19:30 | Create | Villager (Male) |
| 19:36 | Build | House |
| 19:36 | Build | House |
| 19:38 | Create | Villager (Male) |
| 19:39 | Create | Villager (Male) |
| 19:54 | Build | Stable |
| 19:56 | Create | Villager (Male) |
| 19:58 | Build | Farm |
| 20:01 | Build | Farm |
| 20:01 | Create | Villager (Male) |
| 20:31 | Research | Scale Barding Armor |
| 20:35 | Build | Stable |
| 20:36 | Create | Villager (Male) |
| 20:45 | Build | Farm |
| 20:49 | Build | Farm |
| 20:50 | Create | Villager (Male) |
| 21:08 | Research | Hand Cart |
| 21:08 | Research | Hand Cart |
| 21:17 | Create | Villager (Male) |
| 21:17 | Create | Villager (Male) |
| 21:24 | Build | Stable |
| 21:29 | Research | Scale Mail Armor |
| 21:33 | Create | Villager (Male) |
| 21:43 | Research | Bloodlines |
| 21:50 | Build | Farm |
| 21:50 | Create | Villager (Male) |
| 21:55 | Build | House |
| 21:55 | Build | House |
| 21:56 | Build | House |
| 22:02 | Research | Forging |
| 22:14 | Build | Stable |
| 22:17 | Research | Husbandry |
| 22:22 | Build | Farm |
| 22:23 | Build | Farm |
| 22:34 | Create | Knight ×3 |
| 22:40 | Create | Villager (Male) |
| 22:48 | Create | Knight |
| 22:49 | Create | Villager (Male) |
| 22:53 | Build | Farm |
| 22:53 | Create | Villager (Male) |
| 23:05 | Research | Chain Barding Armor |
| 23:06 | Research | Chain Barding Armor |
| 23:09 | Create | Villager (Male) |
| 23:13 | Build | Farm |
| 23:16 | Build | Farm |
Build order — MacBookUser
First 150 of 516 actions detected
| 0:01 | Create | Villager (Male) |
| 0:02 | Create | Villager (Male) |
| 0:02 | Create | Villager (Male) |
| 0:03 | Build | House |
| 0:04 | Build | House |
| 0:13 | Create | Villager (Male) |
| 0:13 | Create | Villager (Male) |
| 0:39 | Build | Palisade Wall |
| 0:48 | Build | Palisade Wall |
| 0:49 | Build | Palisade Wall |
| 0:51 | Build | Palisade Wall |
| 1:36 | Create | Villager (Male) |
| 1:41 | Build | House |
| 1:49 | Create | Villager (Male) |
| 2:17 | Create | Villager (Male) |
| 2:57 | Build | Lumber Camp |
| 3:05 | Create | Villager (Male) |
| 3:23 | Create | Villager (Male) |
| 3:40 | Create | Villager (Male) |
| 4:01 | Build | House |
| 4:14 | Create | Villager (Male) |
| 4:44 | Create | Villager (Male) |
| 5:05 | Create | Villager (Male) |
| 5:08 | Create | Villager (Male) |
| 5:09 | Create | Villager (Male) |
| 5:21 | Build | Mill |
| 5:46 | Create | Villager (Male) |
| 5:49 | Create | Villager (Male) |
| 5:50 | Create | Villager (Male) |
| 6:20 | Create | Villager (Male) |
| 6:41 | Create | Villager (Male) |
| 7:12 | Build | Mining Camp |
| 7:41 | Create | Villager (Male) |
| 7:47 | Create | Villager (Male) |
| 7:54 | Build | Farm |
| 7:58 | Build | Farm |
| 8:33 | Build | Farm |
| 8:43 | Research | Feudal Age |
| 8:43 | Research | Feudal Age |
| 9:33 | Create | Villager (Male) |
| 9:33 | Create | Villager (Male) |
| 10:27 | Build | House |
| 11:05 | Age | Feudal Age |
| 11:21 | Build | Market |
| 11:23 | Build | Blacksmith |
| 12:12 | Research | Castle Age |
| 12:12 | Research | Castle Age |
| 12:33 | Research | Horse Collar |
| 13:23 | Build | House |
| 13:24 | Build | House |
| 14:39 | Build | House |
| 14:43 | Create | Villager (Male) |
| 14:45 | Create | Villager (Male) |
| 14:52 | Age | Castle Age |
| 14:53 | Build | Monastery |
| 14:59 | Build | Town Center |
| 15:07 | Build | Town Center |
| 15:12 | Research | Heavy Plow |
| 15:17 | Create | Villager (Male) |
| 15:25 | Build | Farm |
| 15:28 | Build | Farm |
| 15:29 | Create | Monk |
| 15:50 | Build | Farm |
| 15:59 | Create | Villager (Male) |
| 16:04 | Build | Farm |
| 16:15 | Create | Villager (Male) |
| 16:16 | Create | Villager (Male) |
| 16:18 | Build | Farm |
| 16:35 | Create | Villager (Male) |
| 16:36 | Create | Villager (Male) |
| 16:39 | Build | Farm |
| 16:48 | Create | Villager (Male) |
| 16:48 | Create | Villager (Male) |
| 16:50 | Build | Farm |
| 16:51 | Build | Farm |
| 16:52 | Build | Farm |
| 16:54 | Create | Villager (Male) |
| 16:54 | Create | Villager (Male) |
| 17:00 | Build | Farm |
| 17:04 | Create | Villager (Male) |
| 17:10 | Build | Farm |
| 17:22 | Build | Farm |
| 17:28 | Create | Villager (Male) |
| 17:28 | Create | Villager (Male) |
| 17:35 | Build | Farm |
| 17:36 | Create | Villager (Male) |
| 17:36 | Create | Villager (Male) |
| 17:36 | Create | Villager (Male) |
| 17:59 | Create | Villager (Male) |
| 17:59 | Create | Villager (Male) |
| 17:59 | Create | Villager (Male) |
| 18:06 | Create | Villager (Male) |
| 18:06 | Create | Villager (Male) |
| 18:06 | Create | Villager (Male) |
| 18:19 | Build | Farm |
| 18:19 | Build | Farm |
| 18:19 | Build | Farm |
| 18:20 | Build | Farm |
| 18:38 | Create | Villager (Male) |
| 18:39 | Create | Villager (Male) |
| 18:39 | Create | Villager (Male) |
| 18:39 | Build | Farm |
| 18:51 | Build | Farm |
| 18:52 | Build | Farm |
| 18:54 | Create | Villager (Male) |
| 19:01 | Build | Farm |
| 19:08 | Create | Villager (Male) |
| 19:08 | Create | Villager (Male) |
| 19:08 | Create | Villager (Male) |
| 19:22 | Build | Farm |
| 19:23 | Build | Farm |
| 19:24 | Build | Farm |
| 19:31 | Create | Villager (Male) |
| 19:32 | Create | Villager (Male) |
| 19:35 | Create | Villager (Male) |
| 19:38 | Create | Villager (Male) |
| 19:39 | Create | Villager (Male) |
| 19:39 | Create | Villager (Male) |
| 19:47 | Create | Monk |
| 19:47 | Create | Monk |
| 19:52 | Create | Villager (Male) |
| 19:55 | Build | Farm |
| 19:56 | Build | Farm |
| 19:58 | Create | Villager (Male) |
| 20:01 | Build | House |
| 20:03 | Build | House |
| 20:05 | Build | House |
| 20:06 | Build | House |
| 20:09 | Build | House |
| 20:12 | Create | Villager (Male) |
| 20:14 | Create | Villager (Male) |
| 20:38 | Create | Villager (Male) |
| 20:39 | Create | Villager (Male) |
| 20:46 | Build | Town Center |
| 20:49 | Create | Villager (Male) |
| 20:50 | Create | Villager (Male) |
| 20:55 | Build | Farm |
| 20:56 | Build | Farm |
| 20:57 | Build | Farm |
| 21:01 | Create | Villager (Male) |
| 21:02 | Create | Villager (Male) |
| 21:02 | Create | Villager (Male) |
| 21:08 | Create | Villager (Male) |
| 21:13 | Create | Villager (Male) |
| 21:31 | Create | Villager (Male) |
| 21:31 | Create | Villager (Male) |
| 21:32 | Create | Villager (Male) |
| 21:37 | Build | Farm |
| 21:38 | Create | Villager (Male) |
| 21:42 | Build | Farm |
Build order — sfcwallace
First 150 of 557 actions detected
| 0:01 | Create | Villager (Male) |
| 0:01 | Create | Villager (Male) |
| 0:02 | Create | Villager (Male) |
| 0:02 | Create | Villager (Male) |
| 0:03 | Build | House |
| 0:05 | Build | House |
| 1:24 | Create | Villager (Male) |
| 1:24 | Create | Villager (Male) |
| 1:52 | Build | Settlement |
| 2:03 | Create | Villager (Male) |
| 2:03 | Create | Villager (Male) |
| 2:20 | Create | Villager (Male) |
| 2:20 | Create | Villager (Male) |
| 3:00 | Create | Villager (Male) |
| 3:00 | Create | Villager (Male) |
| 3:09 | Create | Villager (Male) |
| 3:09 | Create | Villager (Male) |
| 3:34 | Create | Villager (Male) |
| 3:35 | Create | Villager (Male) |
| 3:35 | Create | Villager (Male) |
| 4:16 | Create | Villager (Male) |
| 4:27 | Create | Villager (Male) |
| 4:27 | Create | Villager (Male) |
| 5:00 | Create | Villager (Male) |
| 5:00 | Create | Villager (Male) |
| 5:12 | Build | Settlement |
| 5:26 | Create | Villager (Male) |
| 5:26 | Create | Villager (Male) |
| 6:21 | Create | Villager (Male) |
| 6:55 | Create | Villager (Male) |
| 6:55 | Create | Villager (Male) |
| 6:57 | Create | Villager (Male) |
| 7:33 | Build | Settlement |
| 7:37 | Create | Villager (Male) |
| 8:36 | Create | Villager (Male) |
| 8:36 | Research | Feudal Age |
| 8:58 | Research | Feudal Age |
| 8:58 | Research | Feudal Age |
| 9:35 | Create | Villager (Male) |
| 9:35 | Create | Villager (Male) |
| 11:25 | Age | Feudal Age |
| 11:30 | Build | Market |
| 11:33 | Build | Blacksmith |
| 11:45 | Research | Double-Bit Axe |
| 12:16 | Research | Castle Age |
| 12:16 | Research | Castle Age |
| 12:34 | Create | Skirmisher |
| 12:37 | Research | Horse Collar |
| 12:38 | Research | Horse Collar |
| 13:14 | Create | Villager (Male) |
| 13:21 | Build | Farm |
| 13:23 | Build | Farm |
| 13:25 | Build | Farm |
| 13:30 | Build | Farm |
| 13:47 | Build | Farm |
| 13:56 | Build | Farm |
| 14:17 | Build | House |
| 14:56 | Age | Castle Age |
| 15:03 | Build | Castle |
| 15:10 | Create | Skirmisher |
| 15:10 | Create | Villager (Male) |
| 15:26 | Research | Bow Saw |
| 15:30 | Build | Farm |
| 15:34 | Build | Farm |
| 15:38 | Build | Farm |
| 15:41 | Create | Villager (Male) |
| 15:59 | Build | Farm |
| 16:07 | Create | Villager (Male) |
| 16:15 | Create | Villager (Male) |
| 16:22 | Build | House |
| 16:23 | Build | House |
| 16:27 | Build | Farm |
| 16:29 | Create | Villager (Male) |
| 16:39 | Create | Villager (Male) |
| 16:42 | Build | Farm |
| 16:46 | Build | Farm |
| 16:56 | Create | Villager (Male) |
| 17:07 | Build | Town Center |
| 17:28 | Create | Villager (Male) |
| 17:33 | Build | Farm |
| 17:57 | Build | Farm |
| 18:00 | Create | Villager (Male) |
| 18:02 | Build | Town Center |
| 18:33 | Build | Farm |
| 18:35 | Create | Villager (Male) |
| 18:45 | Create | Villager (Male) |
| 18:51 | Build | Farm |
| 18:54 | Build | Farm |
| 18:57 | Create | Villager (Male) |
| 19:01 | Create | Villager (Male) |
| 19:12 | Build | Farm |
| 19:17 | Build | Farm |
| 19:21 | Create | Villager (Male) |
| 19:28 | Build | Farm |
| 19:30 | Create | Villager (Male) |
| 19:33 | Research | Wheelbarrow |
| 19:33 | Research | Wheelbarrow |
| 19:36 | Create | Villager (Male) |
| 19:37 | Create | Villager (Male) |
| 19:47 | Build | Farm |
| 19:56 | Build | Farm |
| 19:57 | Create | Villager (Male) |
| 20:00 | Create | Villager (Male) |
| 20:06 | Build | Farm |
| 20:09 | Create | Villager (Male) |
| 20:15 | Build | House |
| 20:17 | Build | Farm |
| 20:23 | Create | Villager (Male) |
| 20:28 | Build | Farm |
| 20:31 | Build | Farm |
| 20:33 | Create | Villager (Male) |
| 20:36 | Build | Farm |
| 20:42 | Create | Villager (Male) |
| 20:47 | Build | Farm |
| 20:54 | Create | Villager (Male) |
| 21:11 | Create | Villager (Male) |
| 21:11 | Create | Villager (Male) |
| 21:18 | Build | Farm |
| 21:21 | Research | Gold Mining |
| 21:21 | Research | Gold Mining |
| 21:28 | Build | Farm |
| 21:32 | Create | Villager (Male) |
| 21:34 | Build | Farm |
| 21:37 | Create | Villager (Male) |
| 21:37 | Create | Villager (Male) |
| 21:38 | Create | Villager (Male) |
| 21:43 | Build | Farm |
| 21:47 | Build | Farm |
| 21:50 | Build | Farm |
| 22:11 | Create | Villager (Male) |
| 22:14 | Create | Villager (Male) |
| 22:24 | Create | Villager (Male) |
| 22:24 | Create | Villager (Male) |
| 22:32 | Create | Villager (Male) |
| 22:39 | Create | Villager (Male) |
| 22:45 | Build | Barracks |
| 22:48 | Create | Villager (Male) |
| 22:50 | Build | House |
| 22:53 | Build | House |
| 22:58 | Create | Villager (Male) |
| 23:00 | Create | Villager (Male) |
| 23:14 | Create | Villager (Male) |
| 23:24 | Build | University |
| 23:28 | Create | Villager (Male) |
| 23:31 | Build | House |
| 23:33 | Create | Villager (Male) |
| 23:44 | Research | Imperial Age |
| 23:44 | Research | Imperial Age |
| 23:48 | Create | Villager (Male) |
| 23:50 | Create | Villager (Male) |
Build order — MoistBootyHole
First 150 of 382 actions detected
| 0:02 | Create | Villager (Male) |
| 0:02 | Create | Villager (Male) |
| 0:03 | Create | Villager (Male) |
| 0:03 | Create | Villager (Male) |
| 0:05 | Build | House |
| 0:07 | Build | House |
| 1:27 | Create | Villager (Male) |
| 1:50 | Build | Lumber Camp |
| 2:09 | Create | Villager (Male) |
| 2:09 | Create | Villager (Male) |
| 2:12 | Build | House |
| 2:33 | Create | Villager (Male) |
| 2:34 | Create | Villager (Male) |
| 2:57 | Create | Villager (Male) |
| 3:17 | Create | Villager (Male) |
| 3:18 | Create | Villager (Male) |
| 3:45 | Create | Villager (Male) |
| 3:45 | Create | Villager (Male) |
| 4:11 | Create | Villager (Male) |
| 4:11 | Create | Villager (Male) |
| 4:24 | Build | Mill |
| 4:39 | Create | Villager (Male) |
| 4:39 | Create | Villager (Male) |
| 4:53 | Create | Villager (Male) |
| 5:49 | Build | House |
| 5:50 | Build | House |
| 5:51 | Build | House |
| 5:54 | Create | Villager (Male) |
| 6:12 | Create | Villager (Male) |
| 6:29 | Build | Mining Camp |
| 6:32 | Create | Villager (Male) |
| 6:32 | Create | Villager (Male) |
| 7:26 | Build | Lumber Camp |
| 7:29 | Create | Villager (Male) |
| 7:31 | Create | Villager (Male) |
| 8:03 | Build | Farm |
| 8:15 | Build | Farm |
| 8:18 | Research | Feudal Age |
| 8:59 | Build | Farm |
| 10:05 | Create | Villager (Male) |
| 10:06 | Create | Villager (Male) |
| 10:07 | Create | Villager (Male) |
| 10:35 | Age | Feudal Age |
| 10:47 | Build | Market |
| 10:56 | Build | Blacksmith |
| 11:00 | Build | House |
| 11:28 | Build | Farm |
| 11:50 | Research | Castle Age |
| 11:59 | Build | Mining Camp |
| 12:47 | Research | Double-Bit Axe |
| 12:49 | Research | Horse Collar |
| 13:23 | Research | Stone Mining |
| 14:20 | Research | Wheelbarrow |
| 14:30 | Age | Castle Age |
| 14:46 | Research | Bow Saw |
| 14:57 | Build | Siege Workshop |
| 15:33 | Build | House |
| 15:35 | Build | House |
| 15:38 | Build | House |
| 15:43 | Build | Stone Wall |
| 15:46 | Build | Gate |
| 15:54 | Create | Villager (Male) |
| 16:08 | Build | Castle |
| 16:33 | Create | Villager (Male) |
| 16:54 | Create | Villager (Male) |
| 17:22 | Create | Villager (Male) |
| 17:29 | Build | Mining Camp |
| 17:35 | Build | Farm |
| 17:38 | Build | Farm |
| 17:41 | Research | Heavy Plow |
| 17:43 | Create | Villager (Male) |
| 17:47 | Research | Gold Mining |
| 17:56 | Build | Farm |
| 18:01 | Build | Farm |
| 18:02 | Build | Farm |
| 18:05 | Create | Villager (Male) |
| 18:20 | Create | Villager (Male) |
| 18:33 | Build | Farm |
| 18:38 | Build | Farm |
| 19:04 | Create | Villager (Male) |
| 19:26 | Build | Town Center |
| 19:29 | Create | Villager (Male) |
| 19:30 | Create | Villager (Male) |
| 20:16 | Create | Villager (Male) |
| 20:23 | Create | Villager (Male) |
| 20:29 | Create | Villager (Male) |
| 20:29 | Create | Villager (Male) |
| 20:35 | Build | Farm |
| 20:37 | Build | Farm |
| 20:40 | Build | Farm |
| 20:45 | Create | Villager (Male) |
| 20:54 | Build | Farm |
| 20:57 | Build | Farm |
| 20:59 | Build | Farm |
| 21:07 | Create | Villager (Male) |
| 21:14 | Build | Farm |
| 21:23 | Build | University |
| 21:26 | Build | House |
| 21:26 | Build | House |
| 21:29 | Build | House |
| 21:31 | Build | House |
| 21:41 | Create | Villager (Male) |
| 21:41 | Create | Villager (Male) |
| 22:07 | Build | Farm |
| 22:26 | Build | Barracks |
| 22:52 | Build | Farm |
| 23:13 | Research | Imperial Age |
| 23:25 | Build | House |
| 23:35 | Create | Villager (Male) |
| 23:35 | Create | Villager (Male) |
| 23:40 | Create | Villager (Male) |
| 23:40 | Create | Villager (Male) |
| 23:49 | Research | Loom |
| 23:56 | Build | Archery Range |
| 23:59 | Create | Genoese Crossbowman |
| 23:59 | Create | Genoese Crossbowman |
| 24:05 | Create | Villager (Male) |
| 24:05 | Create | Villager (Male) |
| 24:13 | Research | Fletching |
| 24:13 | Research | Padded Archer Armor |
| 24:19 | Research | Ballistics |
| 24:26 | Build | Gate |
| 24:37 | Create | Villager (Male) |
| 24:42 | Research | Padded Archer Armor |
| 24:45 | Create | Genoese Crossbowman |
| 24:46 | Create | Genoese Crossbowman |
| 24:49 | Create | Genoese Crossbowman |
| 25:10 | Create | Villager (Male) |
| 25:10 | Create | Villager (Male) |
| 25:27 | Create | Villager (Male) |
| 25:27 | Create | Villager (Male) |
| 25:43 | Create | Villager (Male) |
| 25:44 | Create | Villager (Male) |
| 25:47 | Research | Bodkin Arrow |
| 26:11 | Research | Leather Archer Armor |
| 26:23 | Build | Mining Camp |
| 26:23 | Age | Imperial Age |
| 26:32 | Research | Bracer |
| 26:35 | Create | Trebuchet (Packed) |
| 26:42 | Create | Villager (Male) |
| 26:51 | Research | Treadmill Crane |
| 27:00 | Create | Genoese Crossbowman |
| 27:01 | Create | Genoese Crossbowman |
| 27:01 | Create | Genoese Crossbowman |
| 27:24 | Create | Mangonel |
| 27:47 | Create | Genoese Crossbowman |
| 28:11 | Research | Chemistry |
| 28:16 | Create | Genoese Crossbowman |
| 28:16 | Create | Genoese Crossbowman |
| 28:16 | Create | Genoese Crossbowman |
Build order — Erickaan
First 150 of 846 actions detected
| 0:00 | Create | Villager (Male) |
| 0:01 | Create | Villager (Male) |
| 0:02 | Build | House |
| 0:03 | Build | House |
| 0:04 | Create | Villager (Male) |
| 0:05 | Create | Villager (Male) |
| 0:05 | Create | Villager (Male) |
| 0:05 | Create | Villager (Male) |
| 1:26 | Create | Villager (Male) |
| 1:26 | Create | Villager (Male) |
| 1:26 | Create | Villager (Male) |
| 1:44 | Build | Lumber Camp |
| 2:00 | Create | Villager (Male) |
| 2:00 | Create | Villager (Male) |
| 2:15 | Create | Villager (Male) |
| 2:15 | Create | Villager (Male) |
| 2:46 | Create | Villager (Male) |
| 2:47 | Create | Villager (Male) |
| 3:04 | Create | Villager (Male) |
| 3:04 | Create | Villager (Male) |
| 3:33 | Create | Villager (Male) |
| 3:34 | Create | Villager (Male) |
| 3:49 | Build | House |
| 4:03 | Create | Villager (Male) |
| 4:27 | Build | Mill |
| 4:30 | Create | Villager (Male) |
| 4:30 | Create | Villager (Male) |
| 4:31 | Create | Villager (Male) |
| 5:09 | Build | Lumber Camp |
| 5:13 | Create | Villager (Male) |
| 5:13 | Create | Villager (Male) |
| 5:13 | Create | Villager (Male) |
| 5:32 | Create | Villager (Male) |
| 5:32 | Create | Villager (Male) |
| 5:53 | Build | House |
| 6:11 | Create | Villager (Male) |
| 6:12 | Create | Villager (Male) |
| 6:12 | Create | Villager (Male) |
| 6:20 | Build | Mill |
| 7:10 | Create | Villager (Male) |
| 7:10 | Create | Villager (Male) |
| 7:30 | Build | House |
| 7:46 | Build | Barracks |
| 7:52 | Create | Villager (Male) |
| 7:55 | Create | Villager (Male) |
| 7:56 | Create | Villager (Male) |
| 8:12 | Build | Farm |
| 8:24 | Build | Farm |
| 8:51 | Build | Farm |
| 9:05 | Build | Farm |
| 9:05 | Research | Feudal Age |
| 9:06 | Research | Feudal Age |
| 9:08 | Create | Villager (Male) |
| 9:38 | Build | Mining Camp |
| 9:53 | Create | Villager (Male) |
| 9:54 | Create | Villager (Male) |
| 11:21 | Age | Feudal Age |
| 11:23 | Build | Stable |
| 11:37 | Build | Blacksmith |
| 12:18 | Research | Castle Age |
| 12:19 | Research | Castle Age |
| 12:39 | Build | House |
| 12:49 | Build | House |
| 12:52 | Research | Horse Collar |
| 12:53 | Research | Horse Collar |
| 13:20 | Research | Double-Bit Axe |
| 13:20 | Research | Double-Bit Axe |
| 13:31 | Build | Farm |
| 13:35 | Build | Farm |
| 13:38 | Build | Farm |
| 13:42 | Build | Farm |
| 13:44 | Create | Scout Cavalry |
| 13:54 | Build | House |
| 14:01 | Build | Farm |
| 14:11 | Build | Farm |
| 14:15 | Create | Scout Cavalry |
| 14:25 | Create | Villager (Male) |
| 14:44 | Create | Scout Cavalry |
| 14:51 | Build | House |
| 14:58 | Age | Castle Age |
| 15:01 | Build | Monastery |
| 15:10 | Create | Scout Cavalry |
| 15:13 | Create | Villager (Male) |
| 15:33 | Create | Villager (Male) |
| 15:44 | Create | Scout Cavalry |
| 16:06 | Create | Villager (Male) |
| 16:08 | Build | Farm |
| 16:09 | Build | Farm |
| 16:10 | Create | Villager (Male) |
| 16:12 | Build | House |
| 16:13 | Create | Monk |
| 16:17 | Create | Villager (Male) |
| 16:30 | Create | Villager (Male) |
| 16:32 | Build | Farm |
| 16:35 | Create | Scout Cavalry |
| 16:44 | Create | Villager (Male) |
| 16:46 | Build | House |
| 16:47 | Build | House |
| 16:51 | Create | Scout Cavalry |
| 16:53 | Build | Farm |
| 16:56 | Build | Farm |
| 17:13 | Create | Monk |
| 17:18 | Create | Villager (Male) |
| 17:20 | Research | Bow Saw |
| 17:20 | Research | Bow Saw |
| 17:38 | Create | Villager (Male) |
| 17:44 | Build | House |
| 17:44 | Build | House |
| 17:45 | Build | House |
| 17:57 | Create | Scout Cavalry |
| 18:05 | Create | Monk |
| 18:19 | Create | Villager (Male) |
| 18:25 | Build | Town Center |
| 18:31 | Create | Scout Cavalry |
| 18:40 | Create | Scout Cavalry |
| 19:05 | Create | Scout Cavalry |
| 19:06 | Create | Villager (Male) |
| 19:07 | Build | Farm |
| 19:10 | Build | Farm |
| 19:11 | Build | Farm |
| 19:15 | Create | Villager (Male) |
| 19:18 | Build | House |
| 19:51 | Create | Villager (Male) |
| 19:52 | Create | Villager (Male) |
| 19:54 | Build | Town Center |
| 19:57 | Create | Villager (Male) |
| 19:58 | Create | Villager (Male) |
| 20:19 | Research | Heavy Plow |
| 20:24 | Create | Villager (Male) |
| 20:24 | Create | Villager (Male) |
| 20:24 | Create | Villager (Male) |
| 20:29 | Build | Farm |
| 20:52 | Create | Villager (Male) |
| 20:53 | Create | Villager (Male) |
| 21:01 | Build | Market |
| 21:03 | Create | Villager (Male) |
| 21:03 | Create | Villager (Male) |
| 21:21 | Create | Villager (Male) |
| 21:21 | Create | Villager (Male) |
| 21:28 | Create | Villager (Male) |
| 21:28 | Create | Villager (Male) |
| 21:35 | Create | Villager (Male) |
| 21:49 | Create | Villager (Male) |
| 21:50 | Create | Villager (Male) |
| 21:52 | Build | Farm |
| 21:52 | Build | Farm |
| 21:52 | Build | Farm |
| 21:53 | Build | Farm |
| 21:53 | Build | Farm |
| 21:53 | Build | Farm |
Match timeline
| 0:39 | MacBookUser · wall_segment Palisade Wall x6 |
| 0:48 | MacBookUser · wall_segment Palisade Wall x1 |
| 0:49 | MacBookUser · wall_segment Palisade Wall x1 |
| 0:51 | MacBookUser · wall_segment Palisade Wall x12 |
| 7:10 | Jony · first_building Barracks |
| 7:46 | Erickaan · first_building Barracks |
| 10:15 | WhoCanStopTheRain? · age_up feudal |
| 10:35 | MoistBootyHole · age_up feudal |
| 11:05 | MacBookUser · age_up feudal |
| 11:21 | Erickaan · age_up feudal |
| 11:21 | Czech Norris (RIP) · age_up feudal |
| 11:22 | Jony · age_up feudal |
| 11:23 | Erickaan · first_building Stable |
| 11:24 | ÖnderK · age_up feudal |
| 11:25 | sfcwallace · age_up feudal |
| 11:30 | Jony · first_building Stable |
| 14:26 | WhoCanStopTheRain? · age_up castle |
| 14:30 | MoistBootyHole · age_up castle |
| 14:52 | MacBookUser · age_up castle |
| 14:52 | Czech Norris (RIP) · age_up castle |
| 14:53 | WhoCanStopTheRain? · first_market_buy 100 food |
| 14:53 | Jony · age_up castle |
| 14:53 | MacBookUser · first_building Monastery |
| 14:56 | sfcwallace · age_up castle |
| 14:57 | MoistBootyHole · first_building Siege Workshop |
| 14:57 | Jony · first_building Monastery |
| 14:58 | Erickaan · age_up castle |
| 15:01 | Erickaan · first_building Monastery |
| 15:03 | sfcwallace · first_building Castle |
| 15:11 | ÖnderK · age_up castle |
| 15:26 | Czech Norris (RIP) · first_building Monastery |
| 15:31 | ÖnderK · first_building Castle |
| 15:43 | MoistBootyHole · wall_segment Stone Wall x8 |
| 16:08 | MoistBootyHole · first_building Castle |
| 16:54 | WhoCanStopTheRain? · first_building Barracks |
| 18:42 | MacBookUser · first_market_buy 100 stone |
| 19:07 | MoistBootyHole · first_market_buy 100 wood |
| 19:54 | WhoCanStopTheRain? · first_building Stable |
| 20:04 | Czech Norris (RIP) · first_market_buy 100 wood |
| 20:31 | Jony · first_building Archery Range |
| 21:04 | Czech Norris (RIP) · first_building Barracks |
| 21:58 | Erickaan · first_market_buy 100 food |
| 22:26 | MoistBootyHole · first_building Barracks |
| 22:31 | Czech Norris (RIP) · first_building Stable |
| 22:45 | sfcwallace · first_building Barracks |
| 22:50 | Czech Norris (RIP) · first_building Siege Workshop |
| 23:01 | WhoCanStopTheRain? · first_market_sell 500 wood |
| 23:39 | sfcwallace · first_market_sell 100 food |
| 23:56 | MoistBootyHole · first_building Archery Range |
| 24:20 | MacBookUser · first_building Barracks |
| 24:20 | Czech Norris (RIP) · wall_segment Stone Wall x4 |
| 24:22 | Czech Norris (RIP) · first_building Castle |
| 24:31 | Jony · first_building Castle |
| 24:32 | sfcwallace · first_building Archery Range |
| 25:01 | MacBookUser · first_market_sell 100 food |
| 25:11 | Czech Norris (RIP) · wall_segment Stone Wall x1 |
| 25:13 | sfcwallace · first_market_buy 100 wood |
| 25:13 | Czech Norris (RIP) · wall_segment Stone Wall x1 |
| 25:27 | MacBookUser · first_building Stable |
| 25:57 | Czech Norris (RIP) · wall_segment Stone Wall x1 |
| 25:58 | Czech Norris (RIP) · wall_segment Stone Wall x1 |
| 26:05 | Erickaan · first_building Siege Workshop |
| 26:23 | MoistBootyHole · age_up imperial |
| 26:44 | WhoCanStopTheRain? · first_building Siege Workshop |
| 26:56 | MacBookUser · first_building Castle |
| 27:01 | sfcwallace · age_up imperial |
| 27:09 | Erickaan · first_market_sell 100 food |
| 27:43 | Czech Norris (RIP) · age_up imperial |
| 27:50 | Czech Norris (RIP) · first_market_sell 100 wood |
| 27:59 | ÖnderK · first_building Barracks |
| 28:14 | MacBookUser · age_up imperial |
| 28:42 | Czech Norris (RIP) · wall_segment Stone Wall x1 |
| 28:51 | MoistBootyHole · first_market_sell 100 food |
| 28:52 | Czech Norris (RIP) · wall_segment Stone Wall x1 |
| 28:53 | Czech Norris (RIP) · wall_segment Stone Wall x1 |
| 29:17 | ÖnderK · first_building Archery Range |
| 29:40 | Jony · first_market_sell 100 food |
| 30:19 | Erickaan · age_up imperial |
| 30:23 | WhoCanStopTheRain? · first_building Archery Range |
| 31:07 | WhoCanStopTheRain? · age_up imperial |
| 31:41 | Jony · age_up imperial |
| 31:52 | ÖnderK · first_market_buy 100 stone |
| 32:11 | Erickaan · first_building Castle |
| 32:37 | WhoCanStopTheRain? · first_building Castle |
| 35:03 | Jony · first_market_buy 100 food |
| 35:35 | Jony · wall_segment Stone Wall x1 |
| 35:38 | Jony · wall_segment Stone Wall x1 |
| 37:35 | MacBookUser · tribute_sent a jugador 1 |
| 37:35 | MacBookUser · tribute_sent a jugador 2 |
| 37:35 | MacBookUser · tribute_sent a jugador 3 |
| 37:35 | MacBookUser · tribute_sent a jugador 5 |
| 37:35 | MacBookUser · tribute_sent a jugador 6 |
| 37:35 | MacBookUser · tribute_sent a jugador 7 |
| 37:35 | MacBookUser · tribute_sent a jugador 8 |
| 37:55 | MacBookUser · first_building Siege Workshop |
| 39:08 | sfcwallace · first_building Siege Workshop |
| 39:13 | Erickaan · first_building Archery Range |
| 39:29 | Czech Norris (RIP) · tribute_sent a jugador 1 |
| 39:29 | Czech Norris (RIP) · tribute_sent a jugador 3 |
| 39:29 | Czech Norris (RIP) · tribute_sent a jugador 4 |
| 39:29 | Czech Norris (RIP) · tribute_sent a jugador 5 |
| 39:29 | Czech Norris (RIP) · tribute_sent a jugador 6 |
| 39:29 | Czech Norris (RIP) · tribute_sent a jugador 7 |
| 39:29 | Czech Norris (RIP) · tribute_sent a jugador 8 |
| 44:35 | MacBookUser · tribute_sent a jugador 1 |
| 44:35 | MacBookUser · tribute_sent a jugador 2 |
| 44:35 | MacBookUser · tribute_sent a jugador 3 |
| 44:35 | MacBookUser · tribute_sent a jugador 5 |
| 44:35 | MacBookUser · tribute_sent a jugador 6 |
| 44:35 | MacBookUser · tribute_sent a jugador 7 |
| 44:35 | MacBookUser · tribute_sent a jugador 8 |
| 45:01 | MacBookUser · wall_segment Stone Wall x3 |
| 45:04 | MacBookUser · wall_segment Stone Wall x2 |
| 45:22 | sfcwallace · tribute_sent a jugador 1 |
| 45:22 | sfcwallace · tribute_sent a jugador 2 |
| 45:22 | sfcwallace · tribute_sent a jugador 3 |
| 45:22 | sfcwallace · tribute_sent a jugador 4 |
| 45:22 | sfcwallace · tribute_sent a jugador 6 |
| 45:22 | sfcwallace · tribute_sent a jugador 7 |
| 45:22 | sfcwallace · tribute_sent a jugador 8 |
| 46:15 | MacBookUser · resign |
| 46:38 | ÖnderK · age_up imperial |
[ AI ANALYSIS · 1 CREDIT ]
What really happened in this match?
Wolo.gg analyzes every decision: build order, eco, micro, common mistakes by bracket. Personalized analysis on WhatsApp or Discord in 30 seconds.
Civ guide
Japanese
Perfil
Jugador #5128